AoeStats
← gurudeburdel

MegaRandom

509291840Analyzed
3v3 RM · 4d ago on Sep 26, 2026· 34m 44s· 6 players
Game mode
Random Map
Map size
Normal (6 player)
Population
200
Speed
Normal
Resources
Standard
Victory
Conquest
Starting age
Dark Age
Ending age
Imperial Age
RankedLock teamsTeams togetherTeam positionsShared explorationLock speedFull tech treeHidden civsTurbo modeCheats
Victory
Defeat
🇹🇷 Franks · Türkiye
969
+14
🇺🇸 Teutons · United States
962
+14
🇲🇽 Bengalis · Mexico
937
+15
🇦🇷 Varangians · Argentina
992
-18
🇦🇷 Huns · Argentina
887
-13
🇦🇷 Berbers · Argentina
868
-12
avilareall
10:49 Feudal Age
15:38 Castle Age
15:16 Gold Mining
15:12 Double-Bit Axe
25:27 Redemption
25:37 Sanctity
30:22 Wheelbarrow
34:44 Forging
Caillou
12:27 Feudal Age
17:26 Castle Age
15:49 Double-Bit Axe
15:47 Horse Collar
17:21 Loom
25:53 Heavy Plow
26:05 Bow Saw
25:48 Gold Mining
27:22 Bloodlines
31:33 Imperial Age
29:40 Fletching
32:50 Cavalier
35:30 Forging
35:25 Scale Barding Armor
TidierCast1585
2:15 Loom
11:42 Feudal Age
17:22 Castle Age
22:19 Scale Mail Armor
30:38 Scale Barding Armor
32:54 Husbandry
ramiroale91
7:20 Loom
10:11 Feudal Age
11:09 Double-Bit Axe
11:09 Horse Collar
11:49 Man-at-Arms
16:41 Wheelbarrow
22:15 Castle Age
23:01 Scale Barding Armor
22:57 Scale Mail Armor
24:25 Forging
gurudeburdel
10:11 Feudal Age
8:27 Loom
13:12 Double-Bit Axe
13:09 Horse Collar
15:07 Fletching
15:18 Padded Archer Armor
24:47 Bloodlines
27:11 Castle Age
28:02 Husbandry
Comecaramelos
10:26 Feudal Age
11:04 Double-Bit Axe
12:47 Loom
14:08 Town Watch
17:04 Castle Age
19:01 Fletching
19:52 Horse Collar
22:44 Gold Mining
29:51 Wheelbarrow
Connection lost

Rejoining the realm…

Still unreachable

The connection could not be restored.

Session expired

The server has moved on; the page needs a fresh start.